 Dungeon Crawl Stone Soup version 0.29.1-2-gbd0b4ee654 (webtiles) character file.

Game seed: 1749429499376760784

353 Icepheonix32 the Trooper (level 6, 0/57 HPs)
             Began as a Minotaur Fighter on Oct 28, 2022.
             Slain by an orc wizard
             ... wielding a +0 dagger
              (1 damage)
             ... on level 4 of the Dungeon.
             The game lasted 00:04:34 (2358 turns).

Icepheonix32 the Trooper (Minotaur Fighter)         Turns: 2358, Time: 00:04:35

Health: 0/57       AC:  4    Str: 20    XL:     6   Next: 35%
Magic:  5/5        EV:  9    Int:  5    God:
Gold:   147        SH:  5    Dex: 12    Spells: 5/5 levels left

rFire   + . .      SeeInvis .   a - +0 trident
rCold   . . .      Faith    .   c - +0 buckler
rNeg    . . .      Spirit   .   b - +0 scale mail
rPois   .          Reflect  .   (helmet restricted)
rElec   .          Harm     .   (no cloak)
rCorr   .          Rampage  .   (no gloves)
Will    +....                   (no boots)
Stlth   ..........              (no amulet)
HPRegen 0.19/turn               j - ring of protection from fire
MPRegen 0.09/turn               m - ring of willpower

@: no status effects
A: horns 2, retaliatory headbutt, deformed body
a: no special abilities


You were on level 4 of the Dungeon.
You visited 1 branch of the dungeon, and saw 4 of its levels.

You collected 221 gold pieces.
You spent 74 gold pieces at shops.

Inventory:

Hand Weapons
 a - a +0 trident (weapon)
Missiles
 v - 2 curare-tipped darts (quivered)
Armour
 b - a +0 scale mail (worn)
 c - a +0 buckler (worn)
Jewellery
 j - a ring of protection from fire (left hand)
 m - a ring of willpower (right hand)
 u - a ring of positive energy
Wands
 t - a wand of roots (10)
Scrolls
 f - a scroll of fear {unknown}
 g - a scroll of torment {unknown}
 h - a scroll of amnesia {unknown}
 i - a scroll of silence {unknown}
 n - 2 scrolls of teleportation {unknown}
 o - 2 scrolls of identify {unknown}
 p - a scroll of enchant armour {unknown}
 q - a scroll of summoning {unknown}
 r - a scroll of brand weapon {unknown}
 s - a scroll of acquirement {unknown}
 x - a scroll of immolation {unknown}
 y - a scroll of vulnerability {unknown}
Potions
 d - a potion of might
 e - a potion of heal wounds {unknown}
 k - 3 potions of mutation
 l - 3 potions of degeneration {unknown}
 w - a potion of cancellation {unknown}
 z - a potion of brilliance {unknown}
 A - a potion of invisibility {unknown}


   Skills:
 * Level 6.2 Fighting
 - Level 3.0 Polearms
 + Level 5.7 Armour
 + Level 1.1 Dodging
 + Level 0.6 Stealth
 + Level 4.5 Shields


You had 5 spell levels left.
You didn't know any spells.
Your spell library contained the following spells:

 Spells                   Type           Power      Damage    Failure   Level
 Poisonous Vapours        Pois/Air       0%         N/A       95%         2
 Corpse Rot               Necr/Pois/Air  0%         N/A       100%        4


Dungeon Overview and Level Annotations

Branches:
Dungeon (4/15)
 Temple: D:4-7

Altars:
Hepliaklqana
Qazlal
Trog

Shops:
D:2 *=(

Annotations:
D:3 2 transporters, Arctor's ghost, amateur MiFi


Innate Abilities, Weirdness & Mutations

You have a pair of horns on your head.
You reflexively headbutt those who attack you in melee.
Armour fits poorly on your strangely shaped body.


Message History

The magic dart hits you.
Something hits you but does no damage. x2
Unknown command.
You miss something. Your headbutt misses something.
Something hits you but does no damage. Something hits you. x2
Something hits you but does no damage.
You hear some strange, mumbled words.
A puff of flame appears from out of thin air!
The puff of flame hits you. You resist.
You hear some strange, mumbled words.
Something tries to affect you, but you resist.
You barely miss something. You headbutt something.
Reactivating autopickup.
You feel a bit more experienced. Something hits you.
Deactivating autopickup; reactivate with Ctrl-A.
Something hits you. Something hits you. Something hits you but does no damage.
Items here: ))) [[[ ††.
You barely miss something. Something hits you but does no damage.
You block something's attack.
You hit something but do no damage. Your headbutt misses something.
Something hits you. Something hits you but does no damage.
You miss something. Your headbutt misses something.
You block something's attack. Something hits you but does no damage.
You hit something. Your headbutt misses something.
You hear some strange, mumbled words.
A puff of flame appears from out of thin air!
The puff of flame hits you. You resist.
* * * LOW HITPOINT WARNING * * *
You hear some strange, mumbled words.
A magic dart appears from out of thin air!
The magic dart hits you!
* * * LOW HITPOINT WARNING * * *
It was a potion of mutation.
You feel extremely strange.
Your body twists and deforms.
You hear some strange, mumbled words.
A puff of flame appears from out of thin air!
The puff of flame hits you. You resist.
* * * LOW HITPOINT WARNING * * *
Something hits you.
You die...

.......####..........#
.......#.............#
.....................#
........####.........#
.........# #.....>..#
.........# ##......##
.........####......#
.........##........#
............###.@#.#
............#.#{{..#
....###.#'#..#
....#..:..#.## ...
###.###.# .. #.#...#
###..## .....#


There were no monsters in sight!

Vanquished Creatures
  An ogre (D:4)
  Jessica (D:2)
  Natasha (thrice) (D:2)
  3 orc wizards (D:4)
  3 gnolls (D:2)
  2 adders (D:3)
  2 dart slugs
  A bat (D:1)
  7 endoplasms
  A giant cockroach (D:2)
  3 goblins
  3 hobgoblins
  3 kobolds
  A quokka (D:4)
  5 ball pythons
  2 frilled lizards
  13 rats
54 creatures vanquished.

Notes
Turn   | Place    | Note
-------+----------+-------------------------------------------
     0 | D:1      | Icepheonix32 the Minotaur Fighter began the quest for the
                  | Orb.
     0 | D:1      | Reached XP level 1. HP: 19/19 MP: 0/0
   116 | D:1      | Found a faded altar of an unknown god.
   150 | D:1      | Reached skill level 4 in Fighting
   164 | D:1      | Reached XP level 2. HP: 27/27 MP: 1/1
   712 | D:2      | Found Forph's Weapon Boutique.
   739 | D:2      | Reached XP level 3. HP: 29/34 MP: 2/2
   854 | D:2      | Found Zeurghepre's Jewellery Boutique.
   947 | D:2      | Found Xecushe's Assorted Antiques.
   955 | D:2      | Bought a scroll labelled VEUTUTHR BAYTO for 19 gold pieces
   955 | D:2      | Bought a scroll labelled MEIKEE SOBEBB for 19 gold pieces
   955 | D:2      | Bought a scroll labelled ZETOM SIXA for 19 gold pieces
   999 | D:2      | Noticed Jessica
  1003 | D:2      | Killed Jessica
  1004 | D:2      | Reached skill level 5 in Fighting
  1004 | D:2      | Reached XP level 4. HP: 42/42 MP: 3/3
  1064 | D:2      | Noticed Natasha
  1071 | D:2      | Killed Natasha
  1224 | D:2      | Noticed Natasha
  1232 | D:2      | Killed Natasha
  1233 | D:2      | Reached XP level 5. HP: 48/48 MP: 4/4
  1281 | D:2      | Bought a glowing cyan potion for 17 gold pieces
  1406 | D:2      | Noticed Natasha
  1411 | D:2      | Killed Natasha
  1933 | D:3      | Found a bloodstained altar of Trog.
  1936 | D:3      | Found a stormy altar of Qazlal.
  1940 | D:3      | Found a hazy altar of Hepliaklqana.
  1996 | D:3      | Reached skill level 5 in Armour
  2025 | D:3      | Found a transporter.
  2067 | D:3      | Noticed Arctor's ghost (amateur MiFi)
  2067 | D:3      | Noticed an ogre
  2068 | D:3      | Noticed an ogre
  2073 | D:3      | Found a transporter.
  2302 | D:4      | Noticed an ogre
  2308 | D:4      | Killed an ogre
  2309 | D:4      | Reached skill level 6 in Fighting
  2309 | D:4      | Reached XP level 6. HP: 57/57 MP: 5/5
  2342 | D:4      | Reached skill level 1 in Dodging
  2358 | D:4      | Gained mutation: Armour fits poorly on your strangely
                  | shaped body. [potion of mutation]
  2358 | D:4      | HP: 1/57 [something/puff of flame (5)]
  2358 | D:4      | Slain by an orc wizard

Illustrated notes

Levels and vault maps discovered:
D:1:      co_arrival_square_in_a_square_in_a_square, layout_basic,
          hellmonk_ecumenical_altar_crossroads
D:2:      layout_rooms, serial_shops, nicolae_square_shop, nicolae_shop_trees,
          nicolae_shop_trees, uniq_natasha, uniq_jessica
D:3:      layout_basic, grunt_temple_overflow_diamond, gammafunk_ghost_smash
D:4:      layout_cave_pods, minmay_a_box_with_orc_wizards_in_it

Skill      XL: |  1  2  3  4  5  6 |
---------------+-------------------+-----
Fighting       | 4 5 6 |  6.2
Armour         | 4 5 |  5.7
Shields        | 4 |  4.5
Polearms       | 3 |  3.0
Dodging        | 1 |  1.1
Stealth        | |  0.6

Action                   |  1- 3 |  4- 6 || total
-------------------------+-------+-------++-------
Melee: Trident           |    57 |    88 ||   145
       Headbutt          |     8 |    11 ||    19
Throw: Dart              |       |     1 ||     1
  Use: Potion            |       |     1 ||     1
Armor: Scale mail        |    11 |    54 ||    65
Dodge: Dodged            |    15 |    25 ||    40
Block: Buckler           |     7 |    14 ||    21
